Unix NetHack Version 3.7.0-101 Work-in-progress - last build Apr 1 2024 13:39:02 (cf3915abb6dcc6e3362b2b16a766b7b4f6c45fc9,branch:master). Game began 2024-04-05 23:44:09, ended 2024-04-06 00:00:46. finitelycraig, lawful female dwarven Valkyrie ------ |....| |.(@.| ---------- ..Y..| |......... |.....### |........| |....| #### |......... |....| # |........| ------ ##-.....<..| |........| ---------- Finitelycraig the Fighter St:18/02 Dx:11 Co:20 In:7 Wi:10 Ch:9 Lawful Dlvl:8 $:86 HP:0(72) Pw:8(8) AC:5 Xp:6/549 T:2786 Satiated Latest messages: The ape starts to attack you, but pulls back. You finish your prayer. You feel that Tyr is well-pleased. You feel much better. You miss the ape. The ape misses! The ape hits! The ape bites! You hit the ape! The ape hits! The ape hits again! The ape bites! You kill the ape! You see here an ape corpse. There is an ape corpse here; eat it? [ynq] (n) This ape corpse is gamey. You're having a hard time getting all of it down. You stop eating the ape corpse. Pick an object. u a unicorn or horse (peaceful white unicorn) [seen: normal vision, infravision] The door opens. You stop. The white unicorn is in the way! You hit the white unicorn! The white unicorn neighs! The white unicorn butts! The white unicorn kicks! The white unicorn butts! The white unicorn just misses! Are you waiting to get hit? Use 'm' prefix to force a no-op (to rest). The white unicorn butts! The white unicorn kicks! The white unicorn butts! The white unicorn kicks! The white unicorn butts! The white unicorn kicks! The white unicorn butts! The white unicorn kicks! You descend the stairs. That door is closed. That door is closed. The door opens. You find a hidden passage. You hear a door open. You kill the grid bug! The yeti hits! The yeti hits again! The yeti bites! The yeti hits! The yeti hits again! You die... Inventory: Coins ('$') $ - 86 gold pieces Weapons (')') b - an uncursed +0 dagger (alternate weapon; not wielded) a - an uncursed +1 dwarvish spear (weapon in right hand) W - an uncursed +0 rubber hose Armor ('[') v - an uncursed +0 orcish helm (being worn) c - an uncursed +3 small shield (being worn) Comestibles ('%') Z - an uncursed banana U - an uncursed candy bar labeled "The Small Bar" X - 2 uncursed cream pies d - an uncursed partly eaten food ration S - an uncursed food ration q - an uncursed fortune cookie y - an uncursed tripe ration Scrolls ('?') A - a blessed scroll of blank paper B - 3 uncursed scrolls of blank paper g - an uncursed scroll of destroy armor M - an uncursed scroll of earth J - an uncursed scroll of enchant weapon f - a cursed scroll of light e - 2 uncursed scrolls of remove curse Spellbooks ('+') K - an uncursed spellbook of detect monsters Potions ('!') l - an uncursed potion of hallucination N - 3 uncursed potions of healing C - an uncursed potion of invisibility I - 2 uncursed potions of paralysis H - 2 uncursed potions of sickness V - an uncursed potion of water Rings ('=') x - an uncursed ring of free action i - a cursed -5 ring of increase damage o - an uncursed ring of stealth Wands ('/') r - an uncursed wand of cancellation (0:7) D - an uncursed wand of cold (0:4) Y - an uncursed wand of cold (0:3) Q - an uncursed wand of create monster (0:11) E - an uncursed wand of digging (0:0) F - an uncursed wand of lightning (0:4) G - a cursed wand of probing (0:6) L - an uncursed wand of striking (0:8) h - an uncursed wand of striking (0:4) w - an uncursed wand of teleportation (0:1) Tools ('(') k - an uncursed bag of tricks (0:1) s - an uncursed bugle P - an uncursed skeleton key t - an uncursed towel Gems/Stones ('*') m - an uncursed obsidian stone n - an uncursed worthless piece of green glass R - an uncursed worthless piece of green glass T - an uncursed worthless piece of orange glass u - an uncursed worthless piece of white glass p - 10 uncursed rocks Finitelycraig the Valkyrie's attributes: Background: You were a Fighter, a level 6 dwarven Valkyrie. You were lawful, on a mission for Tyr who was opposed by Odin (neutral) and Loki (chaotic). You were right-handed. You were in the Dungeons of Doom, on level 8. You entered the dungeon 2786 turns ago. It was the midnight hour. You had 549 experience points, 91 more were needed to attain level 7. Basics: You had 0 out of 72 hit points. You had all 8 energy points (spell power). Your armor class was 5. Your wallet contained 86 zorkmids. Autopickup was on for '$?!"=/*', with exceptions. Final Characteristics: Your strength was 18/02 (limit:18/100). Your dexterity was 11 (limit:20). Your constitution was 20 (limit:20). Your intelligence was 7 (limit:16). Your wisdom was 10 (limit:16). Your charisma was 9 (limit:16). Final Status: You were satiated. You were unencumbered. You were wielding a spear. You were skilled in spear. Final Attributes: You were piously aligned. You were cold resistant. You were telepathic. You had infravision. You were stealthy. You are dead. Miscellaneous: You disabled loading of bones levels. Total elapsed playing time was 16 minutes and 37 seconds. Major events: Turn 1: finitelycraig the lawful dwarven Valkyrie entered the dungeon 379: entered the Gnomish Mines 580: reached Mine Town 891: attained the rank of Skirmisher (level 3) 1231: stole 889 zorkmids worth of merchandise from Chicoutimi's general store 1855: stole 1116 zorkmids worth of merchandise from Possogroenoe's general store 2365: attained the rank of Fighter (level 6) 2786: killed by a yeti Vanquished creatures: 2 small mimics a dog 2 housecats a raven an ape an imp a mountain nymph a rock piercer a rock mole a Kop Lieutenant a straw golem 2 paper golems 2 giant ants a floating eye a homunculus 2 giant bats 2 Kop Sergeants 2 dwarf zombies a wererat a werejackal 2 iguanas an acid blob a large kobold 2 giant rats a cave spider a yellow mold a green mold a red mold 4 gnomes 5 Keystone Kops 12 garter snakes 3 geckos 6 jackals a fox 2 kobolds 2 goblins 6 grid bugs a lichen a kobold zombie 4 newts 84 creatures vanquished. No species were genocided or became extinct. Voluntary challenges: You read items or engraved 10 times. You never engraved Elbereth. You never genocided any monsters. You never polymorphed an object. You never changed form. You used no wishes. Achievements: You entered the Gnomish Mines. You entered Minetown. You entered a shop. You entered a temple. You attained the rank of Skirmisher. You attained the rank of Fighter. The Dungeons of Doom: levels 1 to 8 Level 1: Level 2: A fountain. Stairs down to The Gnomish Mines. Level 3: A fountain. Level 4: An altar. Level 5: A grave. Level 6: A sink. Level 7: A fountain. Level 8: <- You were here. Final resting place for you, killed by a yeti. The Gnomish Mines: levels 3 to 5 Level 3: Level 4: Level 5: A temple and an altar to Tyr, some fountains. Game over: ---------- / \ / REST \ / IN \ / PEACE \ / \ | finitelycraig | | 86 Au | | killed by a yeti | | | | | | | | 2024 | *| * * * | * _________)/\\_//(\/(/\)/\//\/|_)_______ Farvel finitelycraig the Valkyrie... You died in The Dungeons of Doom on dungeon level 8 with 2654 points, and 86 pieces of gold, after 2786 moves. You were level 6 with a maximum of 72 hit points when you died.